 Dungeon Crawl Stone Soup version 0.30-a0-166-g5d06c95188 (webtiles) character file.

Game seed: 10556480064789770717

35 qw the Chopper (level 3, -3/23 HPs)
             Began as a Gargoyle Fighter on Sept 29, 2022.
             Slain by Robin
             ... wielding a +0 trident
              (6 damage)
             ... on level 2 of the Dungeon.
             The game lasted 00:00:25 (1227 turns).

qw the Chopper (Gargoyle Fighter)                   Turns: 1227, Time: 00:00:26

Health: -3/23      AC: 10    Str: 21    XL:     3   Next: 35%
Magic:  3/3        EV:  9    Int:  8    God:
Gold:   65         SH:  4    Dex:  9    Spells: 2/2 levels left

rFire   . . .      SeeInvis .    Y - +0 war axe
rCold   . . .      Faith    .    c - +0 buckler
rNeg    + . .      Spirit   .    b - +0 scale mail
rPois   inf        Reflect  .    (no helmet)
rElec   +          Harm     .    (no cloak)
rCorr   .          Rampage  .    (no gloves)
Will    .....                    (no boots)
Stlth   ..........               (no amulet)
HPRegen 0.07/turn                (no ring)
MPRegen 0.08/turn                (no ring)

@: no status effects
A: sickness immunity, AC +3, negative energy resistance 1, electricity
resistance, torment resistance 1, petrification resistance
a: no special abilities


You were on level 2 of the Dungeon.
You visited 1 branch of the dungeon, and saw 2 of its levels.

You collected 65 gold pieces.


Innate Abilities, Weirdness & Mutations

You are immune to sickness and miasma.
Your stone body is resilient. (AC +3)
You are immune to poison.
You resist negative energy. (rN+)
You are resistant to electric shocks. (rElec)
You are resistant to unholy torment.
You are immune to petrification.


   Skills:
 - Level 3.2 Fighting
 + Level 3.3 Axes
 - Level 3.2 Armour
 - Level 3.2 Shields


You had 2 spell levels left.
You didn't know any spells.
Your spell library was empty.

Inventory:

Hand Weapons
 g - a +0 whip
 Y - a +0 war axe (weapon)
Armour
 b - a +0 scale mail (worn)
 c - a +0 buckler (worn)
Jewellery
 a - an amulet of reflection
Potions
 d - a potion of might

Dungeon Overview and Level Annotations

Branches:
Dungeon (2/15)

Altars:

Shops:
D:1 (

Annotations:
D:2 Robin


Message History

Robin roars a battlecry!
The goblin goes into a battle-frenzy!
The goblin hits you but does no damage.
You hear a shout! x3
You slash the goblin!
You kill the goblin!
You barely miss the hobgoblin.
You hear a shout!
Robin hits you from afar with a +0 trident.
The hobgoblin hits you.
The hobgoblin hits you but does no damage.
Robin hits you from afar with a +0 trident.
You closely miss the hobgoblin.
Robin hits you from afar with a +0 trident.
You hit the hobgoblin.
The hobgoblin is lightly wounded.
Robin roars a battlecry!
A goblin comes into view. It is wielding a +0 dagger.
The hobgoblin barely misses you.
You slash the hobgoblin!
You kill the hobgoblin!
You hit the goblin but do no damage. Robin throws the goblin at you!
The goblin hits you but does no damage. x2
Robin throws the goblin at you! The goblin misses you.
You closely miss the goblin. You barely miss the goblin.
The goblin closely misses you. Robin hits you but does no damage.
The goblin hits you but does no damage.
You closely miss the goblin. x2
Robin hits you but does no damage.
The goblin hits you but does no damage. x2
You barely miss the goblin. You closely miss the goblin.
Robin hits you from afar with a +0 trident.
The goblin hits you but does no damage. The goblin hits you with a +0 club.
The goblin hits you but does no damage. The goblin barely misses you.
Robin hits you but does no damage.
You slash the goblin!
You kill the goblin!
You barely miss the goblin.
A quokka comes into view.
Robin hits you from afar with a +0 trident.
You die...

##.##.##.##........#
.............#####....
#####..#.##..# ...
#....##..# ..
#...###.... # #...#
#.###. #...# ###g
##).###...(g
######g@#....g..
......>)rg#
#######.### #.# #.#
#.# #.# #.. ###


You could see Robin, a quokka (wandering) and a goblin (strong).

Vanquished Creatures
  4 endoplasms (D:1)
  12 goblins
  3 hobgoblins
  A jackal (D:1)
  2 quokkas (D:1)
  2 ball pythons
  2 bats (D:1)
  2 kobolds (D:1)
  A rat (D:1)
29 creatures vanquished.

Notes
Turn   | Place    | Note
-------+----------+-------------------------------------------
     0 | D:1      | qw the Gargoyle Fighter began the quest for the Orb.
     0 | D:1      | Reached XP level 1. HP: 14/14 MP: 1/1
     0 | D:1      | 0 ||| qw: Version: 0.2-a-12-gaebbb33
     0 | D:1      | 0 ||| qw: Game counter: 1057
     0 | D:1      | 0 ||| qw: Always use a shield: true
     0 | D:1      | 0 ||| qw: God list: Okawaru
     0 | D:1      | 0 ||| qw: Allow faded altars: false
     0 | D:1      | 0 ||| qw: Do Orc after D:15 true
     0 | D:1      | 0 ||| qw: Do second Lair branch before Depths: true
     0 | D:1      | 0 ||| qw: Lair rune preference: random
     0 | D:1      | 0 ||| qw: Plans: Normal, Zot:1-4, God:TSO, Crypt, Tomb,
                  | Pan, Slime:5, Hells, Abyss, Orb
     0 | D:1      | 0 ||| PLANNING D:1-11
   403 | D:1      | Reached XP level 2. HP: 18/19 MP: 2/2
   424 | D:1      | Found Pibb's Antique Weapon Boutique.
   432 | D:1      | 432 ||| SHOPLISTING flail (59 gold, have 0).
   571 | D:1      | 571 ||| Stepping ~*~*~tactically~*~*~ (stealth).
   574 | D:1      | 574 ||| Stepping ~*~*~tactically~*~*~ (stealth).
   576 | D:1      | 576 ||| Stepping ~*~*~tactically~*~*~ (stealth).
   579 | D:1      | 579 ||| Stepping ~*~*~tactically~*~*~ (stealth).
   608 | D:1      | 608 ||| Stepping ~*~*~tactically~*~*~ (stealth).
   624 | D:1      | 624 ||| Stepping ~*~*~tactically~*~*~ (stealth).
   861 | D:1      | Reached skill level 3 in Axes
  1010 | D:1      | Found a faded altar of an unknown god.
  1035 | D:1      | 1035 ||| Stepping ~*~*~tactically~*~*~ (stealth).
  1036 | D:1      | 1036 ||| Stepping ~*~*~tactically~*~*~ (stealth).
  1040 | D:1      | 1040 ||| Stepping ~*~*~tactically~*~*~ (stealth).
  1109 | D:1      | Reached XP level 3. HP: 23/23 MP: 3/3
  1112 | D:1      | 1112 ||| DROPPING amulet of faith.
  1113 | D:1      | 1113 ||| READING scroll labelled YSTRANTOHIC.
  1114 | D:1      | 1114 ||| READING scroll labelled JEMAMNOSUA.
  1115 | D:1      | 1115 ||| READING scroll labelled ADDOIQ JOMEMI.
  1197 | D:2      | 1197 ||| Stepping ~*~*~tactically~*~*~ (stealth).
  1199 | D:2      | 1199 ||| Stepping ~*~*~tactically~*~*~ (hiding).
  1211 | D:2      | Noticed Robin
  1212 | D:2      | 1212 ||| Stepping ~*~*~tactically~*~*~ (hiding).
  1226 | D:2      | HP: 3/23 [goblin/+0 club[Robin] (3)]
  1227 | D:2      | Slain by Robin

Levels and vault maps discovered:
D:1:      dpeg_arrival_brainrot, layout_loops_ring, serial_shops,
          nicolae_square_shop, hellmonk_ecumenical_altar_inner_sanctum,
          minmay_tetromino_i4
D:2:      layout_loops_ring, basic_altar, minmay_goblin_outpost, uniq_robin,
          uniq_crazy_yiuf_cottage

Skill      XL: |  1  2 |
---------------+-------+-----
Axes           | 2 3 |  3.3
Fighting       | |  3.2
Armour         | |  3.2
Shields        | |  3.2

Action                   || total
-------------------------++-------
Melee: War axe           ||    78
  Use: Scroll            ||     3
 Stab: Distracted        ||     1
Armor: Scale mail        ||    51
Dodge: Dodged            ||    28
Block: Buckler           ||     7

Table legend:
 A = Non-vault XP
 B = Vault XP
 C = Vault XP percentage of total XP
 D = Non-vault monster count
 E = Vault monster count
 F = Vault count percentage of total count
                 A         B        C        D         E       F
            +---------+---------+-------+---------+---------+-------
      Total |      31 |      22 |  41.5 |      18 |      11 |  37.9
            +---------+---------+-------+---------+---------+-------
        D:1 |      30 |       6 |  16.7 |      17 |       3 |  15.0
        D:2 |       1 |      16 |  94.1 |       1 |       8 |  88.9
            +---------+---------+-------+---------+---------+-------
